 Dungeon Crawl Stone Soup version 0.26.1-11-gd32895ea62 (webtiles) character file.

Game seed: 12088567446070611465

518 dtburroughs the Skirmisher (level 7, 0/91 HPs)
             Began as a Minotaur Berserker on June 29, 2021.
             Was a Priest of Trog.
             Slain by a hound (1 damage)
             ... on level 4 of the Dungeon.
             The game lasted 00:05:18 (4296 turns).

dtburroughs the Skirmisher (Minotaur Berserker)     Turns: 4296, Time: 00:05:19

Health: 0/91       AC:  6    Str: 22    XL:     7   Next: 1%
Magic:  6/6        EV: 12    Int:  6    God:    Trog [***...]
Gold:   193        SH:  5    Dex:  9    Spells: 6/6 levels left

rFire    . . .     SeeInvis .   q - +0 war axe
rCold    . . .     Faith    .   (no shield)
rNeg     . . .     Spirit   .   j - +0 ring mail
rPois    .         Reflect  +   (helmet restricted)
rElec    .         Harm     .   (no cloak)
rCorr    .         Rampage  .   (no gloves)
Will     .....                  (no boots)
Stlth    ..........             c - amulet of reflection
HPRegen  0.25/turn              (no ring)
MPRegen  0.10/turn              (no ring)

@: berserking (expiring), very quick
A: retaliatory headbutt, horns 2
a: Renounce Religion, Berserk, Trog's Hand


You were on level 4 of the Dungeon.
You worshipped Trog.
Trog was most pleased with you.
You visited 1 branch of the dungeon, and saw 4 of its levels.

You collected 193 gold pieces.

Inventory:

Hand Weapons
 q - a +0 war axe (weapon)
Armour
 j - a +0 ring mail (worn)
Jewellery
 c - an amulet of reflection (around neck)
Wands
 b - a wand of acid (10)
Scrolls
 f - 4 scrolls of identify {unknown}
 g - 2 scrolls of enchant armour {unknown}
 h - a scroll of magic mapping {unknown}
 i - 2 scrolls of teleportation {unknown}
 p - 2 scrolls of immolation {unknown}
Potions
 a - a potion of flight {unknown}
 d - a potion of cancellation {unknown}
 e - a potion of haste {unknown}
 k - a potion of berserk rage {unknown}
 l - 2 potions of mutation {unknown}
 m - 2 potions of lignification {unknown}
 n - a potion of magic {unknown}
 o - 4 potions of heal wounds {unknown}
 r - a potion of brilliance {unknown}


   Skills:
 + Level 5.6 Fighting
 + Level 5.6 Axes
 + Level 4.8 Armour
 + Level 4.4 Dodging
 + Level 1.2 Evocations


You had 6 spell levels left.
You didn't know any spells.
Your spell library was empty.

Dungeon Overview and Level Annotations

Branches:
Dungeon (4/15)
 Temple: D:4-7

Altars:
Elyvilon
Kikubaaqudgha
Sif Muna
Zin


Innate Abilities, Weirdness & Mutations

You reflexively headbutt those who attack you in melee.
You have a pair of horns on your head.


Message History

You barely miss the ogre. You headbutt the ogre!
You kill the ogre!
Trog accepts your kill.
You barely miss the hound. The hound bites you.
* * * LOW HITPOINT WARNING * * *
Your Evocations skill increases to level 1!
You have reached level 7!
You miss the hound.
The hound stops to sniff the ground.
You block the hound's attack.
You closely miss the hound. You headbutt the hound!
The hound is almost dead.
The hound barely misses you.
You closely miss the hound. Your headbutt misses the hound.
The hound is almost dead.
* * * LOW HITPOINT WARNING * * *
You feel sick.
You are no longer poisoned.
The hound barely misses you. The hound bites you.
You die...

#. #....#.
##.#.####†...#.
...............
#.#.#.........
#.#......... #
#.#...†..... #.
.#........##+
#.#####.#......^.#
#.)@....#........# .
###h..###.#....####.
+...+...+.........
#...#.#.#.........
(.....#......##.......
......#.....##........
#.....#....##....#####
##....#...##..........
##...#..##...........


You could see a hound.

Vanquished Creatures
  An ogre (D:4)
  A centaur (D:3)
  2 scorpions (D:4)
  Natasha (D:3)
  A worker ant (D:4)
  3 gnolls (D:4)
  7 adders
  3 worms
  2 dart slugs
  4 leopard geckos
  2 orcs (D:3)
  6 giant cockroaches
  8 goblins
  14 hobgoblins
  7 jackals
  2 quokkas
  3 ball pythons
  10 bats
  5 frilled lizards
  10 kobolds
  13 rats
105 creatures vanquished.

Notes
Turn   | Place    | Note
-------+----------+-------------------------------------------
     0 | D:1      | dtburroughs the Minotaur Berserker began the quest for the
                  | Orb.
     0 | D:1      | Reached XP level 1. HP: 19/19 MP: 0/0
   237 | D:1      | Reached XP level 2. HP: 20/27 MP: 1/1
   985 | D:1      | Reached XP level 3. HP: 33/33 MP: 2/2
  1057 | D:1      | Reached ** piety under Trog
  1753 | D:2      | Reached XP level 4. HP: 22/40 MP: 3/3
  2232 | D:2      | Found a shimmering blue altar of Sif Muna.
  2303 | D:2      | Found a glowing silver altar of Zin.
  2548 | D:2      | Found a white marble altar of Elyvilon.
  2872 | D:3      | Found an ancient bone altar of Kikubaaqudgha.
  3002 | D:3      | Reached *** piety under Trog
  3345 | D:3      | Reached XP level 5. HP: 29/47 MP: 4/4
  3635 | D:3      | Noticed a centaur
  3641 | D:3      | Killed a centaur
  3642 | D:3      | Reached skill level 5 in Fighting
  3642 | D:3      | Reached skill level 5 in Axes
  3817 | D:3      | Noticed Natasha
  3822 | D:3      | Killed Natasha
  3823 | D:3      | Reached XP level 6. HP: 56/56 MP: 5/5
  4293 | D:4      | HP: 1/84 [hound (4)]
  4294 | D:4      | Reached skill level 1 in Evocations
  4294 | D:4      | Reached XP level 7. HP: 1/61 MP: 6/6
  4296 | D:4      | Slain by a hound

Illustrated notes

Levels and vault maps discovered:
D:1:      ebering_trefoil_twist, layout_loops_ring, minmay_pentomino_r2
D:2:      kennysheep_six_static_rooms, layout_loops_ring, lemuel_round_altar,
          lemuel_coloured_pillars_altar, zin_statuary
D:3:      layout_basic, old_standard_altar, minmay_unequal, uniq_natasha
D:4:      layout_basic, nicolae_ashenzari_panopticon, serial_shops, shop_statue,
          uniq_duvessa

Skill      XL: |  1  2  3  4  5  6 |
---------------+-------------------+-----
Axes           | 4 5 |  5.6
Fighting       | 4 5 |  5.6
Armour         | 3 4 |  4.8
Dodging        | 3 4 |  4.4
Evocations     | 1 |  1.2

Action                   |  1- 3 |  4- 6 |  7- 9 || total
-------------------------+-------+-------+-------++-------
Melee: Hand axe          |    90 |   105 |       ||   195
       Headbutt          |    14 |    24 |     1 ||    39
       War axe           |       |    35 |     3 ||    38
Invok: Trog's Hand       |       |     1 |       ||     1
       Berserk           |       |     1 |       ||     1
  Use: Potion            |     1 |       |       ||     1
 Stab: Sleeping          |       |     2 |       ||     2
Armor: Animal skin       |    12 |    13 |       ||    25
       Ring mail         |       |     4 |       ||     4
Dodge: Dodged            |    70 |   103 |     2 ||   175
Block: Other             |       |    13 |     1 ||    14
